 Dungeon Crawl Stone Soup version 0.22-a0-412-g2b68d144a4 (webtiles) character file.

6504 Chiseanne the Fighter (level 11, -1/120 HPs)
             Began as an Ogre Berserker on May 12, 2018.
             Was an Elder of Trog.
             Killed from afar by a steam dragon (13 damage)
             ... with a ball of steam
             ... on level 11 of the Dungeon.
             The game lasted 00:33:37 (11799 turns).

Chiseanne the Fighter (Ogre Berserker)             Turns: 11799, Time: 00:33:38

Health: -1/120     AC:  4    Str: 23    XL:     11   Next: 0%
Magic:  0/20       EV: 13    Int:  8    God:    Trog [****..]
Gold:   264        SH:  0    Dex: 11    Spells: 10/10 levels left

rFire    . . .     SeeInvis +   a - +0 flail
rCold    . . .     Gourm    .   (no shield)
rNeg     . . .     Faith    .   b - +1 animal skin
rPois    .         Spirit   +   (helmet restricted)
rElec    .         Reflect  .   H - scarf {Spirit}
rCorr    .         Harm     .   (gloves unavailable)
MR       +....                  (boots unavailable)
Stlth    +.........             (no amulet)
HPRegen  0.30/turn              o - ring of magical power
MPRegen  0.17/turn              w - ring of see invisible

@: about to teleport, very slightly contaminated
A: large, unfitting armour, tough skin 1
a: Berserk, Trog's Hand, Brothers in Arms, Renounce Religion


You were on level 11 of the Dungeon.
You worshipped Trog.
Trog was greatly pleased with you.
You were not hungry.

You visited 1 branch of the dungeon, and saw 11 of its levels.
You also visited: Sewer.

You collected 474 gold pieces.
You spent 210 gold pieces at shops.

Inventory:

Hand Weapons
 a - a +0 flail (weapon)
 j - a +0 giant spiked club
 t - a +0 blowgun
 D - a +0 giant club
 G - a +1 vampiric falchion
 I - a +2 long sword of holy wrath
Missiles
 f - 49 sling bullets
 g - 419 stones
 h - 159 arrows
 k - 3 curare-tipped needles
 l - 103 bolts
 q - 9 tomahawks
 r - 52 poisoned needles
 C - 4 large rocks (quivered) {god gift}
 K - 7 javelins
 N - 3 poisoned tomahawks
Armour
 b - a +1 animal skin (worn)
 p - a scarf of resistance
 H - a scarf of spirit shield (worn)
Jewellery
 o - a ring of magical power (left hand)
 w - a ring of see invisible (right hand)
Wands
 d - a wand of iceblast (1)
 L - a wand of acid (19)
 M - a wand of scattershot (6)
Scrolls
 v - 2 scrolls of fog
 x - a scroll of blinking
 y - 3 scrolls of remove curse
 A - a scroll of magic mapping
 E - a scroll of enchant armour
 F - a scroll of identify
Potions
 e - 3 potions of heal wounds
 i - 6 potions of curing {unknown}
 m - 3 potions of flight
 s - a potion of ambrosia {unknown}
 u - a potion of brilliance
 z - a potion of agility {unknown}
 B - a potion of resistance {unknown}
Comestibles
 c - 10 rations
 J - 4 chunks of flesh


   Skills:
 * Level 11.3 Fighting
 * Level 8.0 Maces & Flails
 * Level 8.1 Throwing
 * Level 8.0 Dodging


You had 10 spell levels left.
You didn't know any spells.
Your spell library was empty.

Dungeon Overview and Level Annotations

Branches:
Dungeon (11/15)            Temple (0/1) D:7            Lair (0/6) D:11
    Orc: D:9-12

Altars:
Dithmenos
Hepliaklqana
Qazlal
Sif Muna
Wu Jian
The Shining One

Shops:
D:4 =

Annotations:
D:9 exclusion: orange crystal statue
D:10 htuhola's ghost, journeyman DDFi


Innate Abilities, Weirdness & Mutations

You are too large for most types of armour.
You have tough skin. (AC +1)


Message History

The wolf howls!
The black bear growls angrily.
The wolf howls!
Found a metal-bound book.
A porcupine comes into view.
A crocodile comes into view.
The wolf bites you but does no damage. The wolf bites you!
* * * LOW HITPOINT WARNING * * *
A two-headed ogre comes into view.
It is wielding a giant club and a giant spiked club.
The two-headed ogre shouts in stereo!
The wolf bites you!
* * * LOW HITPOINT WARNING * * *
Blink to where?
Press: ? - help, Dir - move target cursor
As you read the scroll of blinking, it crumbles to dust.
A steam dragon comes into view.
Found a large shield and 12 gold pieces.
As you read the scroll of teleportation, it crumbles to dust.
You feel strangely unstable. The steam dragon breathes steam at you.
The ball of steam hits the plant.
The ball of steam hits you!
You die...

#........ .... .
#........ .....
####.#### #..#
####..#############.##
#..........♣..r..9....
#....P....h.h.h..t....
#...P..t..h.♣sP....>..
#..P.........P........
+....@........h.......
#....§..♣:PP..........
#...[O§PPPPP..........
#.$...P.♣>.♣...PP.....
##P.P..D.P..P.........
#............P♣.###.#
##.P.P.... . .# #.
.♣♣P...PP. #. #.


You could see a two-headed ogre, a steam dragon, a crocodile and 3 wolves.

Vanquished Creatures
  Erolcha (D:9)
  A two-headed ogre (D:9)
  A hippogriff (D:9)
  Sigmund (D:6)
  5 yaks (D:10)
  A hungry ghost (D:9)
  A porcupine (D:11)
  4 sky beasts
  2 orc warriors
  5 ogres
  4 centaurs
  12 big kobolds
  Blork the orc (D:5)
  A scorpion (D:10)
  6 killer bees (D:8)
  A howler monkey (D:11)
  3 crimson imps
  4 hounds
  A bullfrog zombie (D:6)
  A centaur zombie (D:7)
  A jelly (D:6)
  2 bullfrog skeletons
  5 orc priests
  3 centaur skeletons
  2 iguanas
  Ijyb (D:5)
  3 orc wizards
  9 worker ants
  A howler monkey zombie (D:3)
  A gnoll (D:3)
  6 river rats
  9 adders
  2 shadow imps (D:5)
  2 oozes (Sewer)
  5 adder zombies
  4 adder skeletons (D:3)
  8 worms
  2 dart slugs
  6 leopard geckos
  33 orcs
  4 giant cockroaches
  5 goblins
  7 hobgoblins
  2 jackals (D:4)
  44 kobolds
  4 quokkas
  4 ball pythons (Sewer)
  5 bats
  3 frilled lizards
  A giant cockroach zombie (D:3)
  A leopard gecko skeleton (D:4)
  2 leopard gecko zombies
  7 rats
250 creatures vanquished.

Notes
Turn   | Place    | Note
-------+----------+-------------------------------------------
     0 | D:1      | Chiseanne the Ogre Berserker began the quest for the Orb.
     0 | D:1      | Reached XP level 1. HP: 24/24 MP: 1/1
   343 | D:1      | Reached XP level 2. HP: 25/32 MP: 2/2
   955 | D:2      | Reached skill level 1 in Throwing
   955 | D:2      | Reached XP level 3. HP: 17/40 MP: 3/3
  1893 | D:2      | Reached ** piety under Trog
  1893 | D:2      | Reached XP level 4. HP: 28/49 MP: 4/4
  2907 | D:3      | Noticed a big kobold
  2931 | D:3      | Reached skill level 5 in Fighting
  2960 | D:3      | Killed a big kobold
  2960 | D:3      | Reached XP level 5. HP: 16/57 MP: 5/5
  3455 | D:3      | Noticed a big kobold
  3455 | D:3      | Noticed a big kobold
  3464 | D:3      | Killed a big kobold
  3464 | D:3      | Reached XP level 6. HP: 66/66 MP: 6/6
  3731 | D:3      | Reached skill level 6 in Fighting
  3924 | D:3      | Reached *** piety under Trog
  4244 | D:3      | Reached XP level 7. HP: 64/75 MP: 7/7
  5374 | D:4      | Found an ornate altar of the Wu Jian Council.
  5679 | D:4      | Found Maad's Jewellery Shoppe.
  5684 | D:4      | Bought an uncursed ring of see invisible for 210 gold pieces
  5883 | D:5      | Entered Level 5 of the Dungeon
  6187 | D:5      | Reached XP level 8. HP: 39/84 MP: 8/8
  6192 | D:5      | Reached skill level 7 in Fighting
  6224 | D:5      | Found a glowing drain.
  6228 | Sewer    | Entered a sewer
  6449 | Sewer    | Reached skill level 5 in Dodging
  6722 | Sewer    | Reached skill level 5 in Maces & Flails
  7514 | Sewer    | Reached skill level 5 in Throwing
  7673 | D:5      | Noticed Ijyb
  7701 | D:5      | Reached skill level 8 in Fighting
  7704 | D:5      | Killed Ijyb
  8072 | D:5      | Noticed Blork the orc
  8076 | D:5      | Killed Blork the orc
  8320 | D:5      | Reached XP level 9. HP: 79/96 MP: 9/9
  8484 | D:5      | Reached **** piety under Trog
  8657 | D:6      | Found a stormy altar of Qazlal.
  8973 | D:6      | Noticed Sigmund
  8985 | D:6      | Killed Sigmund
  8985 | D:6      | Reached skill level 9 in Fighting
  9407 | D:6      | Found a stormy altar of Qazlal.
  9630 | D:7      | Found a staircase to the Ecumenical Temple.
  9685 | D:7      | Found a hazy altar of Hepliaklqana.
  9779 | D:7      | Found a glowing golden altar of the Shining One.
  9934 | D:8      | Reached ***** piety under Trog
  9951 | D:8      | Reached XP level 10. HP: 39/110 MP: 10/10
 10237 | D:8      | Found a shadowy altar of Dithmenos.
 10469 | D:8      | Reached skill level 10 in Fighting
 10477 | D:8      | Found a shadowy altar of Dithmenos.
 10648 | D:8      | Found a deep blue altar of Sif Muna.
 10864 | D:9      | Noticed a two-headed ogre
 10870 | D:9      | Killed a two-headed ogre
 10969 | D:9      | Noticed Erolcha
 10985 | D:9      | Killed Erolcha
 10988 | D:9      | Received a gift from Trog
 11362 | D:9      | Noticed an orange crystal statue
 11363 | D:9      | Noticed a two-headed ogre
 11392 | D:10     | Entered Level 10 of the Dungeon
 11584 | D:10     | Reached skill level 11 in Fighting
 11734 | D:10     | Noticed htuhola's ghost (journeyman DDFi)
 11764 | D:11     | Noticed a manticore
 11771 | D:11     | Reached XP level 11. HP: 86/120 MP: 11/11
 11783 | D:11     | Noticed an unseen horror
 11793 | D:11     | Noticed a two-headed ogre
 11793 | D:11     | Found a staircase to the Lair.
 11797 | D:11     | Noticed a two-headed ogre
 11799 | D:11     | Killed from afar by a steam dragon

Vault maps used:
D:1:      elethiomel_arrival_quiet
D:2:      first_ration, serial_corexii_hall, corexii_hall_statues_i,
          corexii_hall_statues_s, minmay_misc_feat_encased
D:3:      minmay_goblin_kobold_castle, serial_undead, serial_undead_d,
          serial_undead_b, serial_undead_f, serial_undead_a,
          minmay_crystal_room, serial_bayou_lake_a
D:4:      kennysheep_mini_moat, serial_shops, nicolae_shop_stone
D:5:      gup_sewer_entry_bowl, dk_noncrumbling_2, grunt_decor_resistance,
          uniq_ijyb, uniq_blork_the_orc
D:6:      lemuel_coloured_pillars_altar, slow_altar_2,
          nicolae_qazlal_style_of_elements, uniq_sigmund
D:7:      nicolae_overflow_crystal_walls, tso_metal_star,
          minmay_temple_entry_statues_pillars, grunt_ogre_cave
D:8:      nicolae_dithmenos_the_darkroom, basic_altar, led_sif_book
D:9:      minivault_16, uniq_erolcha
D:10:     uniq_joseph
D:11:     minmay_lair_entry_grove, orc_0_dummy
Sewer:    sewer_co_tree

Skill      XL: |  1  2  3  4  5  6  7  8  9 10 |
---------------+-------------------------------+-----
Maces & Flails | 3 4 5 6 8 |  8.0
Throwing       | 1 2 3 4 5 6 8 |  8.1
Dodging        | 3 4 5 6 8 |  8.0
Fighting       | 5 6 8 9 11 | 11.3

Action                   |  1- 3 |  4- 6 |  7- 9 | 10-12 || total
-------------------------+-------+-------+-------+-------++-------
Melee: Mace              |   113 |   188 |   436 |       ||   737
       Flail             |       |       |    81 |   159 ||   240
Throw: Large rock        |     4 |       |    16 |    16 ||    36
       Tomahawk          |       |    11 |    36 |     4 ||    51
       Stone             |       |       |     7 |       ||     7
Invok: Trog's Hand       |       |     2 |     6 |     5 ||    13
       Berserk           |       |     2 |     3 |     3 ||     8
Evoke: Wand              |       |       |     8 |     1 ||     9
  Use: Scroll            |       |     8 |    10 |     6 ||    24
       Potion            |       |     1 |       |       ||     1
 Stab: Distracted        |       |     1 |       |       ||     1
  Eat: Chunk             |     3 |     4 |    15 |    10 ||    32
       Ration            |       |     2 |     3 |       ||     5
Armor: Animal skin       |    37 |    53 |   102 |    22 ||   214
Dodge: Dodged            |    76 |   118 |   311 |   105 ||   610

Table legend:
 A = Spawn XP
 B = Non-spawn XP
 C = Spawn XP percentage of total XP
 D = Spawn monster count
 E = Non-spawn monster count
 F = Spawn count percentage of total count
 G = Total turns spent on level
                    A         B        C        D         E        F      G
               +---------+---------+-------+---------+---------+-------+---------
         Total |       0 |    9292 |   0.0 |       0 |     250 |   0.0 | 11799
               +---------+---------+-------+---------+---------+-------+---------
           D:1 |       0 |      26 |   0.0 |       0 |      14 |   0.0 |   941
           D:2 |       0 |      70 |   0.0 |       0 |      17 |   0.0 |  1484
           D:3 |       0 |     524 |   0.0 |       0 |      58 |   0.0 |  2243
           D:4 |       0 |     338 |   0.0 |       0 |      21 |   0.0 |  1215
           D:5 |       0 |     677 |   0.0 |       0 |      33 |   0.0 |  1264
           D:6 |       0 |    1491 |   0.0 |       0 |      30 |   0.0 |   994
           D:7 |       0 |     393 |   0.0 |       0 |      13 |   0.0 |   382
           D:8 |       0 |     682 |   0.0 |       0 |      13 |   0.0 |   737
           D:9 |       0 |    2819 |   0.0 |       0 |      11 |   0.0 |   699
          D:10 |       0 |    1141 |   0.0 |       0 |       8 |   0.0 |   356
          D:11 |       0 |     330 |   0.0 |       0 |       4 |   0.0 |    51
         Sewer |       0 |     801 |   0.0 |       0 |      28 |   0.0 |  1433
               +---------+---------+-------+---------+---------+-------+---------
